 Dungeon Crawl Stone Soup version 0.29-a0-25-g7f48f510a0 (webtiles) character file.

Game seed: 8247316786759322064

46 Clumpoid the Skirmisher (level 3, -4/31 HPs)
             Began as a Ghoul Fighter on Jan 31, 2022.
             Was a Follower of Okawaru.
             Slain by Natasha (6 damage)
             ... on level 2 of the Dungeon.
             The game lasted 00:01:09 (1530 turns).

Clumpoid the Skirmisher (Ghoul Fighter)             Turns: 1530, Time: 00:01:10

Health: -4/31      AC:  7    Str: 21    XL:     3   Next: 68%
Magic:  2/2        EV:  9    Int:  3    God:    Okawaru [*.....]
Gold:   33         SH:  4    Dex:  8    Spells: 2/2 levels left

rFire   . . .      SeeInvis .   a - +0 trident
rCold   + . .      Faith    .   c - +0 buckler
rNeg    + + +      Spirit   .   b - +0 scale mail
rPois   ∞          Reflect  .   (no helmet)
rElec   .          Harm     .   (no cloak)
rCorr   .          Rampage  .   e - +0 pair of gloves
Will    .....                   (no boots)
Stlth   ..........              (no amulet)
HPRegen 0.00/turn               (no ring)
MPRegen 0.08/turn               (no ring)

@: mighty, inhibited regen, slowed, very slow
A: claws 1, cold resistance 1, negative energy resistance 3, inhibited
regeneration, torment resistance 2
a: Renounce Religion, Heroism


You were on level 2 of the Dungeon.
You worshipped Okawaru.
Okawaru was aware of your devotion.
You visited 1 branch of the dungeon, and saw 2 of its levels.

You collected 33 gold pieces.

Inventory:

Hand Weapons
 a - a +0 trident (weapon)
Armour
 b - a +0 scale mail (worn)
 c - a +0 buckler (worn)
 e - a +0 pair of gloves (worn)
Jewellery
 h - an amulet of regeneration
Scrolls
 f - a scroll of brand weapon {unknown}
Potions
 g - a potion of lignification {unknown}


   Skills:
 - Level 3.2 Fighting
 * Level 2.7 Polearms
 + Level 3.1 Armour
 + Level 3.1 Shields


You had 2 spell levels left.
You didn't know any spells.
Your spell library was empty.

Dungeon Overview and Level Annotations

Branches:
Dungeon (2/15)

Altars:
Okawaru

Annotations:
D:2 Natasha


Innate Abilities, Weirdness & Mutations

You thrive by killing the living.
You are immune to poison.
You have sharp fingernails.
Your flesh is cold resistant. (rC+)
You are immune to negative energy. (rN+++)
You do not regenerate when monsters are visible.
You are immune to unholy pain and torment.


Message History

You hit Natasha.
Natasha is heavily wounded.
You block Natasha's attack.
You closely miss Natasha.
Natasha is heavily wounded.
Natasha casts a spell at you.
You feel yourself slow down.
Natasha drinks a potion.
Natasha is healed!
You closely miss Natasha.
Natasha is lightly wounded.
Natasha claws you.
You feel very mighty all of a sudden. You block Natasha's attack.
The crimson imp blinks!
Natasha barely misses you.
You closely miss Natasha.
Natasha is lightly wounded.
Natasha casts a spell.
The white imp sputters.
Natasha barely misses you.
You closely miss Natasha.
Natasha is lightly wounded.
Natasha claws you.
You barely miss Natasha.
Natasha is lightly wounded.
Natasha howls an incantation.
Natasha's front paws start to glow.
Natasha barely misses you.
Natasha stares at you and mumbles some strange words.
You feel as though you will be slow longer.
You barely miss Natasha.
Natasha is lightly wounded.
Natasha claws you.
* * * LOW HITPOINT WARNING * * *
Natasha stares at you and mumbles some strange words.
The magic dart hits you.
* * * LOW HITPOINT WARNING * * *
You hit Natasha.
Natasha is heavily wounded.
Natasha casts a spell at you.
You feel as though you will be slow longer.
Natasha claws you.
You die...

#.......## #.# ........#
#.# ###....##.# ###.#####
#.....r##.# #.......#
##.#....##.#######...###..
+.........................
........##.#######†..###..
###.r##.# #.....# #.#
#..5bh@.# #.#.### #.#
#.#5g#### #.#.# #.# ..
#..# #.#.#####.# #b #..#
#.#.......# .. ...#
##........## . ##.##
##...#####.# #. ##.#...##
#.# #. #.##..#.###.#
#.##.....##.#


You could see Natasha, a crimson imp (summoned), a white imp (summoned), a
quokka, a hobgoblin and a bat.

Vanquished Creatures
  A worm (D:2)
  3 dart slugs (D:1)
  2 ball pythons (D:1)
  5 bats
  5 endoplasms
  3 giant cockroaches (D:1)
  A goblin (D:1)
  4 hobgoblins (D:1)
  A jackal (D:1)
  3 frilled lizards (D:1)
  3 kobolds (D:1)
  3 rats (D:1)
34 creatures vanquished.

Notes
Turn   | Place    | Note
-------+----------+-------------------------------------------
     0 | D:1      | Clumpoid the Ghoul Fighter began the quest for the Orb.
     0 | D:1      | Reached XP level 1. HP: 19/19 MP: 0/0
   310 | D:1      | Reached XP level 2. HP: 23/26 MP: 1/1
   572 | D:1      | Reached XP level 3. HP: 31/31 MP: 2/2
   947 | D:1      | Found a faded altar of an unknown god.
  1245 | D:1      | Prayed at the altar of an unknown god.
  1245 | D:1      | Became a worshipper of Warmaster Okawaru
  1245 | D:1      | Reached * piety under Okawaru
  1506 | D:2      | Noticed Natasha
  1530 | D:2      | Slain by Natasha

Illustrated notes

Levels and vault maps discovered:
D:1:      dpeg_cavernosity, layout_basic,
          hellmonk_ecumenical_altar_leap_of_faith, minmay_tromino_v4_b
D:2:      layout_loops_corners, st_stairs_5, minmay_indecisive_spiral,
          uniq_terence, uniq_natasha

Skill      XL: |  1  2 |
---------------+-------+-----
Polearms       | 2 |  2.7
Shields        | 3 |  3.1
Armour         | 3 |  3.1
Fighting       | |  3.2

Action                   || total
-------------------------++-------
Melee: Trident           ||   157
  Use: Scroll            ||     2
       Potion            ||     1
Armor: Scale mail        ||    67
Dodge: Dodged            ||    69
Block: Buckler           ||    24

Table legend: (Time is in decaauts)
 A = Elapsed time spent in this place.
 B = Non-inter-level travel time spent in this place.
 C = Inter-level travel time spent in this place.
 D = Time resting spent in this place.
 E = Time spent auto-exploring this place.
 F = Levels seen in this place.
 G = Mean time per level.
                   A        B        C        D        E       F      G
               +--------+--------+--------+--------+--------+-----+--------+
         Total |   1567 |   1433 |    134 |      0 |   1125 |   2 |  783.5 |
       Dungeon |   1567 |   1433 |    134 |      0 |   1125 |   2 |  783.5 |
               +--------+--------+--------+--------+--------+-----+--------+

Top non-repeatable levels by time:
     D:1: 1336 daAuts
     D:2: 230 daAuts
